 Dungeon Crawl Stone Soup version 0.22-a0-614-g34fbaa0 (webtiles) character file.

75815 Dordric the Severer (level 15, -1/150 HPs)
             Began as a Gargoyle Berserker on July 14, 2018.
             Was a High Priest of Trog.
             Slain by a sun demon (3 damage)
             ... summoned by an orc high priest
             ... on level 2 of the Orcish Mines on July 16, 2018.
             The game lasted 00:22:41 (24809 turns).

Dordric the Severer (Gargoyle Berserker)           Turns: 24809, Time: 00:22:42

Health: -1/150     AC: 32    Str: 31    XL:     15   Next: 51%
Magic:  5/5        EV: 10    Int:  9    God:    Trog [*****.]
Gold:   1550       SH:  6    Dex:  9    Spells: 14/14 levels left

rFire    + . .     SeeInvis +   m - +7 broad axe (antimagic)
rCold    . . .     Gourm    .   g - +0 buckler
rNeg     + . .     Faith    .   s - +0 plate armour
rPois    ∞         Spirit   .   y - +2 helmet
rElec    +         Reflect  +   o - +2 cloak
rCorr    .         Harm     .   p - +2 pair of gloves
MR       +....                  d - +1 pair of boots
Stlth    ..........             f - +2 amulet of reflection
HPRegen  0.35/turn              A - ring of protection from fire
MPRegen  0.09/turn              r - ring of see invisible

@: berserking, corroded, flying, very quick
A: big wings, negative energy resistance 1, electricity resistance, unbreathing,
petrification resistance, rot immunity, AC +11
a: Stop Flying, Berserk, Trog's Hand, Brothers in Arms, Renounce Religion


You were on level 2 of the Orcish Mines.
You worshipped Trog.
Trog was extremely pleased with you.
You were not hungry.

You visited 3 branches of the dungeon, and saw 23 of its levels.

You collected 2121 gold pieces.
You spent 571 gold pieces at shops.


Innate Abilities, Weirdness & Mutations

You are resistant to torment.
Your stone body is resilient. (AC +11)
You are immune to poison.
Your large and strong wings let you fly indefinitely.
You resist negative energy. (rN+)
You are resistant to electric shocks. (rElec)
You can survive without breathing.
You are immune to petrification.
You are immune to rotting.


   Skills:
 - Level 14.1 Fighting
 + Level 17.4 Axes
 - Level 13.0 Armour
 - Level 4.2 Dodging
 - Level 5.0 Shields


You had 14 spell levels left.
You didn't know any spells.
Your spell library was empty.

Inventory:

Hand Weapons
 l - a +0 morningstar
 m - a +7 antimagic broad axe (weapon)
Missiles
 z - 5 javelins (quivered)
Armour
 d - a +1 pair of boots (worn)
 g - a +0 buckler (worn)
 o - a +2 cloak (worn)
 p - a +2 pair of gloves (worn)
 s - a +0 plate armour (worn)
 y - a +2 helmet (worn)
Jewellery
 f - a +2 amulet of reflection (around neck)
 r - a ring of see invisible (right hand)
 t - an uncursed ring of protection from fire
 w - an uncursed ring of protection from magic
 A - a ring of protection from fire (left hand)
 Y - a +2 ring of protection
Wands
 k - a wand of random effects (38)
Scrolls
 b - 7 scrolls of remove curse
 c - 5 scrolls of teleportation
 u - 11 scrolls of identify
Potions
 a - 8 potions of heal wounds
 h - 4 potions of might
 i - 7 potions of curing
 n - a potion of resistance
 q - 4 potions of haste
 v - a potion of cancellation
 x - 3 potions of mutation
Comestibles
 e - 24 rations

Dungeon Overview and Level Annotations

Branches:
Dungeon (15/15)            Temple (0/1) D:7            Lair (6/6) D:8
 Shoals (0/4) Lair:4        Snake (0/4) Lair:3        Slime (0/5) Lair:5
    Orc (2/2) D:12            Elf (0/3) Orc:2        Vaults (0/5) D:13
 Depths (0/5) D:15

Altars:
Ashenzari
Cheibriados
Dithmenos
Elyvilon
Fedhas
Gozag
Hepliaklqana
Kikubaaqudgha
Sif Muna
Yredelemnul
The Shining One
Beogh

Shops:
D:13 *   D:14 !

Annotations:
D:9 3 runed doors, yaoilover's ghost, novice CeGl
Lair:3 2 transporters
Orc:1 2 runed doors


Message History

The hellwing hits you but does no damage. x2
The sun demon hits you.
You are engulfed in flames.
You resist.
You closely miss the orc high priest.
The orc high priest is severely wounded.
You barely miss the sun demon. You slice the orc!!
You kill the orc!
Trog accepts your kill.
You slice the hellwing!!
You kill the hellwing!
An orc comes into view. It is wielding a dagger.
You barely miss the orc high priest.
The orc high priest is severely wounded.
You barely miss the orc knight. You slice the orc priest!!
You kill the orc priest!
Trog accepts your kill.
You slash the sun demon!
The orc priest no longer looks unusually strong. x2
The orc knight no longer looks unusually strong.
The sun demon hits you.
You die...

<.[[.......#.....##
..............#...#
...............#.##
......#<......####
#........#.#..## ##
#.......###....###.##
.........#....).....#
..........#..)))ooo.##
..........#...))@3o..#
..........#######)oo##
......#...# o(...#
...<......# oo.#..#
#........## o.....#
##........# ...#...
##......### .......
###.#..#.## .o.#... #
##......#


You could see an orc knight, an orc high priest, a sun demon, 2 orc warriors, 5
orc priests and 2 orcs.

Vanquished Creatures
  Kirke (Lair:4)
  Snorg (Orc:2)
  Josephine (D:15)
  A yaktaur captain (D:13)
  An ogre mage (D:15)
  3 hydras
  2 centaur warriors
  A catoblepas (Lair:5)
  6 two-headed ogres (D:15)
  3 skeletal warriors (D:15)
  2 wizards (D:15)
  Pikel (D:8)
  3 orc knights
  3 orc sorcerers
  A harpy (Lair:6)
  5 ugly things
  A deep elf mage (D:15)
  5 manticores
  A merfolk siren (Lair:4)
  2 cyclopes (D:13)
  2 black mambas (Lair:4)
  Joseph (Lair:1)
  Maurice (D:8)
  12 elephants
  4 torpor snails (Lair:6)
  A gargoyle (D:11)
  14 spiny frogs
  11 komodo dragons
  6 rime drakes (Lair:6)
  2 trolls
  2 yaktaurs (D:13)
  3 polar bears
  2 hornets (Lair:6)
  A wind drake (Lair:6)
  7 slime creatures
  11 blink frogs
  4 hippogriffs
  12 dream sheep
  A meliai zombie (D:13)
  A shapeshifter (D:13)
  43 yaks
  5 wraiths (D:15)
  A vampire (D:12)
  A shadow (D:10)
  A fire elemental (D:14)
  8 wyverns
  2 basilisks
  5 hogs (Lair:4)
  A steam dragon (D:13)
  Menkaure (D:5)
  A hungry ghost (D:13)
  7 vampire mosquitoes
  2 wargs
  17 water moccasins
  An acid dragon (D:15)
  5 porcupines
  Duvessa (D:5)
  2 hell hounds (Lair:1)
  3 ice beasts
  4 sky beasts
  9 orc warriors
  A black bear (Lair:4)
  A necrophage (D:11)
  4 boggarts (D:15)
  6 wolves (Lair:3)
  9 ogres
  9 centaurs
  9 crocodiles
  3 big kobolds (D:10)
  Blork the orc (D:6)
  12 bullfrogs
  A wyvern zombie (D:11)
  A wyvern skeleton (D:14)
  Dowan (D:5)
  3 killer bees
  4 scorpions
  4 howler monkeys
  3 electric eels
  3 crimson imps
  4 centaur zombies
  5 hounds
  7 jellies
  18 orc priests
  A gnoll shaman (D:9)
  20 orc wizards
  A bullfrog skeleton (D:13)
  4 centaur skeletons
  2 iguanas
  11 worker ants
  2 hell rats (Lair:1)
  A hound skeleton (D:11)
  A hound zombie (D:4)
  8 gnolls
  9 river rats (Lair:1)
  20 adders
  5 oozes
  4 worms
  3 dart slugs
  6 leopard geckos
  56 orcs
  A ball python (D:3)
  4 giant cockroaches
  3 goblins
  8 hobgoblins
  9 jackals
  8 kobolds
  3 quokkas
  5 bats
  9 frilled lizards
  A jackal skeleton (D:4)
  2 leopard gecko skeletons
  A quokka skeleton (D:6)
  13 rats
  9 fungi
  2 plants
603 creatures vanquished.

Vanquished Creatures (collateral kills)
  2 hydras
  A merfolk avatar (Lair:6)
  A polar bear (Lair:6)
  An orc warrior (D:9)
  A boggart (D:15)
  An orc (D:9)
7 creatures vanquished.

Vanquished Creatures (others)
  A centaur zombie (D:8)
  An adder (D:8)
  A bush (Lair:4)
  14 fungi
  19 plants
36 creatures vanquished.

Grand Total: 646 creatures vanquished

Notes
Turn   | Place    | Note
-------+----------+-------------------------------------------
     0 | D:1      | Dordric the Gargoyle Berserker began the quest for the Orb.
     0 | D:1      | Reached XP level 1. HP: 14/14 MP: 1/1
     0 | D:1      | 0 ||| counter = 6
    68 | D:1      | Reached skill level 3 in Axes
    97 | D:1      | Reached XP level 2. HP: 19/19 MP: 2/2
   488 | D:1      | 488 ||| DROPPING club.
   543 | D:1      | 543 ||| INVOKING Berserk.
   544 | D:1      | Reached XP level 3. HP: 23/23 MP: 3/3
   551 | D:1      | Reached ** piety under Trog
   842 | D:1      | 842 ||| UPGRADING to buckler.
   847 | D:1      | 847 ||| UPGRADING to runed scarf.
   852 | D:1      | 852 ||| READING scroll labeled FERRIZ JAENOWA.
   855 | D:1      | 855 ||| READING 2 scrolls labeled GAORHO SUAMIPT.
   856 | D:1      | 856 ||| READING scroll labeled WOOGE NEJI.
   857 | D:1      | 857 ||| READING scroll of identify.
   857 | D:1      | 857 ||| IDENTIFYING twisted gilded ring
   858 | D:1      | 858 ||| UPGRADING to +2 ring of protection.
   959 | D:2      | Found a deep blue altar of Sif Muna.
   959 | D:2      | Found an opulent altar of Gozag.
   959 | D:2      | Found a shattered altar of Ashenzari.
   961 | D:2      | Found a glowing golden altar of the Shining One.
   961 | D:2      | Found a blossoming altar of Fedhas.
   971 | D:2      | Noticed a centaur
   978 | D:2      | 978 ||| INVOKING Berserk.
   982 | D:2      | Killed a centaur
   982 | D:2      | Reached skill level 3 in Shields
   982 | D:2      | Reached XP level 4. HP: 28/28 MP: 4/4
   982 | D:2      | Reached XP level 5. HP: 32/32 MP: 5/5
  1075 | D:2      | Reached skill level 4 in Axes
  1168 | D:2      | Found an ancient bone altar of Kikubaaqudgha.
  1489 | D:2      | 1489 ||| STAIRDANCE
  1600 | D:1      | 1600 ||| UPGRADING to scale mail.
  1610 | D:1      | 1610 ||| DROPPING +0 animal skin.
  1611 | D:1      | 1611 ||| UPGRADING to pair of gloves.
  1616 | D:1      | 1616 ||| READING scroll labeled ZOGREKEUBBUCUU.
  1617 | D:1      | 1617 ||| READING scroll of identify.
  1617 | D:1      | 1617 ||| IDENTIFYING knobbly onyx ring
  1618 | D:1      | 1618 ||| UPGRADING to ring of see invisible.
  1731 | D:2      | 1731 ||| READING scroll labeled BOYTIE PIJIONO.
  1942 | D:3      | Reached XP level 6. HP: 37/37 MP: 6/6
  2218 | D:3      | Reached *** piety under Trog
  2547 | D:3      | 2547 ||| UPGRADING to chain mail.
  2557 | D:3      | 2557 ||| DROPPING +0 scale mail.
  2558 | D:3      | 2558 ||| UPGRADING to runed cloak.
  2568 | D:3      | 2568 ||| DROPPING scarf of repulsion.
  2569 | D:3      | 2569 ||| READING scroll labeled YGETON LUFUTO.
  2570 | D:3      | 2570 ||| READING 2 scrolls of identify.
  2570 | D:3      | 2570 ||| IDENTIFYING granite ring
  2571 | D:3      | 2571 ||| DROPPING ring of wizardry.
  2616 | D:4      | Reached skill level 5 in Axes
  2672 | D:4      | 2672 ||| EATING 6 rations.
  3081 | D:4      | Found a shadowy altar of Dithmenos.
  3098 | D:4      | 3098 ||| READING scroll of enchant armour.
  3098 | D:4      | 3098 ||| ENCHANTING +0 pair of gloves.
  3396 | D:4      | 3396 ||| READING scroll labeled BOBAFU WAPE.
  3397 | D:4      | 3397 ||| READING scroll labeled UTUMAI JAHINO.
  3398 | D:4      | 3398 ||| DRINKING 3 smoky cyan potions.
  3399 | D:4      | 3399 ||| READING scroll of identify.
  3399 | D:4      | 3399 ||| IDENTIFYING silver ring
  3400 | D:4      | 3400 ||| UPGRADING to ring of protection from fire.
  3423 | D:5      | Entered Level 5 of the Dungeon
  3429 | D:5      | 3429 ||| INVOKING Berserk.
  3653 | D:5      | Noticed Duvessa
  3653 | D:5      | Noticed Dowan
  3654 | D:5      | 3654 ||| INVOKING Berserk.
  3663 | D:5      | Killed Dowan
  3682 | D:5      | Killed Duvessa
  3682 | D:5      | Reached skill level 3 in Armour
  3682 | D:5      | Reached XP level 7. HP: 13/43 MP: 7/7
  3683 | D:5      | 3683 ||| EATING 9 rations.
  3936 | D:5      | 3936 ||| UPGRADING to whip.
  3937 | D:5      | 3937 ||| SWAPPING to +1 hand axe.
  3938 | D:5      | 3938 ||| READING scroll of remove curse.
  3996 | D:5      | Noticed Menkaure
  4015 | D:5      | Killed Menkaure
  4015 | D:5      | Reached skill level 6 in Axes
  4395 | D:5      | 4395 ||| READING scroll labeled QIPHYABIDIG.
  4396 | D:5      | 4396 ||| READING scroll labeled QOD TUWAOGA.
  4397 | D:5      | 4397 ||| DRINKING 2 emerald potions.
  4398 | D:5      | 4398 ||| DRINKING 2 cyan potions.
  4399 | D:5      | 4399 ||| DROPPING potion of invisibility.
  4400 | D:5      | 4400 ||| DROPPING potion of degeneration.
  4517 | D:6      | 4517 ||| INVOKING Berserk.
  4531 | D:6      | Reached XP level 8. HP: 41/48 MP: 8/8
  4620 | D:6      | 4620 ||| STAIRDANCE
  4649 | D:5      | 4649 ||| EATING 9 rations.
  4720 | D:6      | Noticed Blork the orc
  4739 | D:6      | Killed Blork the orc
  4739 | D:6      | Reached skill level 7 in Axes
  4814 | D:6      | 4814 ||| DROPPING +0 whip.
  4940 | D:6      | 4940 ||| INVOKING Berserk.
  5304 | D:6      | 5304 ||| UPGRADING to plate armour.
  5314 | D:6      | 5314 ||| DROPPING +0 chain mail.
  5315 | D:6      | 5315 ||| READING scroll labeled PERUAST BOAMON.
  5316 | D:6      | 5316 ||| DRINKING 2 fizzy black potions.
  5317 | D:6      | 5317 ||| READING 3 scrolls of identify.
  5317 | D:6      | 5317 ||| IDENTIFYING peridot ring
  5318 | D:6      | 5318 ||| READING 2 scrolls of identify.
  5318 | D:6      | 5318 ||| IDENTIFYING fizzy blue potion
  5319 | D:6      | 5319 ||| DROPPING potion of magic.
  5372 | D:7      | 5372 ||| SWAPPING to war axe.
  5375 | D:7      | 5375 ||| DROPPING +1 hand axe.
  5571 | D:7      | 5571 ||| UPGRADING to flail.
  5572 | D:7      | 5572 ||| SWAPPING to +0 war axe.
  5654 | D:7      | 5654 ||| INVOKING Berserk.
  5658 | D:7      | Reached **** piety under Trog
  5660 | D:7      | Reached skill level 8 in Axes
  5678 | D:7      | 5678 ||| READING scroll of teleportation.
  5703 | D:7      | Reached XP level 9. HP: 20/55 MP: 9/9
  5708 | D:7      | 5708 ||| EATING 9 rations.
  5775 | D:7      | 5775 ||| STAIRDANCE
  5892 | D:6      | 5892 ||| UPGRADING to shiny helmet.
  5908 | D:7      | Reached skill level 6 in Fighting
  5951 | D:7      | Got a warped hand axe
  5952 | D:7      | 5952 ||| SWAPPING to warped hand axe.
  5952 | D:7      | Identified the cursed +3 hand axe "Walleh" {chop, rN+ Str+4 Dex-5} (You found it on level 7 of the Dungeon)
  5953 | D:7      | 5953 ||| READING scroll of remove curse.
  5954 | D:7      | 5954 ||| SWAPPING to +0 war axe.
  5955 | D:7      | 5955 ||| DROPPING +3 hand axe "Walleh" {chop, rN+ Str+4 Dex-5}.
  5964 | D:7      | Found a staircase to the Ecumenical Temple.
  6346 | D:7      | 6346 ||| INVOKING Berserk.
  6354 | D:7      | 6354 ||| EATING 9 rations.
  6519 | D:7      | Reached skill level 6 in Armour
  6690 | D:7      | 6690 ||| READING scroll labeled DANURO BUROI.
  6718 | D:7      | 6718 ||| READING scroll of identify.
  6718 | D:7      | 6718 ||| IDENTIFYING gilded ring
  6719 | D:7      | 6719 ||| DROPPING cursed ring of teleportation.
  6805 | D:8      | Noticed Maurice
  6811 | D:8      | 6811 ||| INVOKING Berserk.
  6820 | D:8      | Killed Maurice
  6820 | D:8      | Reached skill level 9 in Axes
  6849 | D:8      | Noticed Pikel
  6855 | D:8      | 6855 ||| INVOKING Berserk.
  6863 | D:8      | Killed Pikel
  6946 | D:8      | Found a staircase to the Lair.
  7266 | D:8      | 7266 ||| EATING 10 rations.
  7269 | D:8      | Found a white marble altar of Elyvilon.
  7399 | D:8      | 7399 ||| INVOKING Berserk.
  7402 | D:8      | Reached XP level 10. HP: 63/63 MP: 10/10
  7686 | D:8      | 7686 ||| READING scroll labeled CEACOW ROXADD.
  7687 | D:8      | 7687 ||| READING 3 scrolls of identify.
  7687 | D:8      | 7687 ||| IDENTIFYING black potion
  7688 | D:8      | 7688 ||| READING 2 scrolls of identify.
  7688 | D:8      | 7688 ||| IDENTIFYING coppery potion
  7689 | D:8      | 7689 ||| DRINKING potion of experience.
  7689 | D:8      | Reached skill level 13 in Axes
  7689 | D:8      | Reached XP level 11. HP: 67/67 MP: 11/11
  7690 | D:8      | 7690 ||| DROPPING potion of brilliance.
  7706 | Lair:1   | Entered Level 1 of the Lair of Beasts
  7707 | Lair:1   | 7707 ||| Entered L.
  7747 | Lair:1   | Noticed Joseph
  7773 | Lair:1   | Killed Joseph
  7841 | Lair:1   | 7841 ||| INVOKING Berserk.
  7891 | Lair:1   | 7891 ||| EATING 10 rations.
  7924 | Lair:1   | 7924 ||| INVOKING Berserk.
  8266 | Lair:1   | Found a dark tunnel.
  8578 | Lair:1   | 8578 ||| INVOKING Berserk.
  8672 | Lair:1   | 8672 ||| INVOKING Berserk.
  9060 | Lair:1   | 9060 ||| UPGRADING to pair of boots.
  9065 | Lair:1   | 9065 ||| READING 4 scrolls of identify.
  9065 | Lair:1   | 9065 ||| IDENTIFYING ruby potion
  9066 | Lair:1   | 9066 ||| READING 3 scrolls of identify.
  9066 | Lair:1   | 9066 ||| IDENTIFYING bubbling inky potion
  9067 | Lair:1   | 9067 ||| READING 2 scrolls of identify.
  9067 | Lair:1   | 9067 ||| IDENTIFYING grey potion
  9242 | Lair:2   | 9242 ||| INVOKING Berserk.
  9246 | Lair:2   | 9246 ||| EATING 11 rations.
  9304 | Lair:2   | 9304 ||| Stepping ~*~*~tactically~*~*~ (water).
  9305 | Lair:2   | 9305 ||| INVOKING Berserk.
  9307 | Lair:2   | Reached skill level 9 in Fighting
  9632 | Lair:2   | 9632 ||| INVOKING Berserk.
  9635 | Lair:2   | 9635 ||| EATING 11 rations.
  9882 | Lair:2   | 9882 ||| UPGRADING to large filigree amulet.
  9883 | Lair:2   | 9883 ||| READING 2 scrolls labeled PAECHA ITODIN.
  9953 | Lair:2   | 9953 ||| READING 2 scrolls of identify.
  9953 | Lair:2   | 9953 ||| IDENTIFYING fuming blue potion
  9954 | Lair:2   | 9954 ||| DROPPING scroll of torment.
  9955 | Lair:2   | 9955 ||| DROPPING potion of agility.
 10094 | Lair:3   | Reached skill level 9 in Armour
 10105 | Lair:3   | Found a staircase to the Snake Pit.
 10161 | Lair:3   | Found a transporter.
 10190 | Lair:3   | 10190 ||| INVOKING Berserk.
 10215 | Lair:3   | 10215 ||| READING scroll of teleportation.
 10218 | Lair:3   | Noticed an eight-headed hydra
 10219 | Lair:3   | 10219 ||| INVOKING Brothers in Arms.
 10220 | Lair:3   | 10220 ||| INVOKING Brothers in Arms.
 10221 | Lair:3   | 10221 ||| INVOKING Brothers in Arms.
 10222 | Lair:3   | 10222 ||| SWAPPING to +0 flail.
 10223 | Lair:3   | Killed an eight-headed hydra
 10224 | Lair:3   | 10224 ||| SWAPPING to +0 war axe.
 10428 | Lair:3   | Reached XP level 12. HP: 67/77 MP: 12/12
 10459 | Lair:3   | Reached ***** piety under Trog
 10708 | Lair:3   | 10708 ||| SWAPPING to runed hand axe.
 10709 | Lair:3   | 10709 ||| SWAPPING to +0 war axe.
 10710 | Lair:3   | 10710 ||| DROPPING +1 hand axe of chopping.
 10719 | Lair:3   | 10719 ||| INVOKING Berserk.
 10721 | Lair:3   | Found a transporter.
 10737 | Lair:3   | 10737 ||| EATING 11 rations.
 11231 | Lair:3   | 11231 ||| UPGRADING to ring of protection from fire.
 11233 | Lair:3   | 11233 ||| READING scroll labeled NOYMIE ZOGIH.
 11234 | Lair:3   | 11234 ||| READING 2 scrolls of identify.
 11234 | Lair:3   | 11234 ||| IDENTIFYING lumpy dark potion
 11392 | Lair:4   | Noticed a five-headed hydra
 11403 | Lair:4   | 11403 ||| INVOKING Brothers in Arms.
 11407 | Lair:4   | 11407 ||| SWAPPING to +0 flail.
 11409 | Lair:4   | 11409 ||| INVOKING Berserk.
 11412 | Lair:4   | Killed a five-headed hydra
 11417 | Lair:4   | 11417 ||| SWAPPING to +0 war axe.
 11652 | Lair:4   | Noticed Kirke
 11687 | Lair:4   | 11687 ||| INVOKING Trog's Hand.
 11717 | Lair:4   | Killed Kirke
 11754 | Lair:4   | Found a staircase to the Shoals.
 11773 | Lair:4   | Reached skill level 14 in Axes
 12053 | Lair:4   | Reached skill level 3 in Dodging
 12305 | Lair:4   | 12305 ||| EATING 11 rations.
 12347 | Lair:4   | Noticed a four-headed hydra
 12826 | Lair:4   | 12826 ||| DROPPING potion of berserk rage.
 12951 | Lair:5   | 12951 ||| STAIRDANCE
 12961 | Lair:5   | 12961 ||| STAIRDANCE
 13054 | Lair:5   | 13054 ||| STAIRDANCE
 13064 | Lair:4   | 13064 ||| INVOKING Berserk.
 13108 | Lair:4   | 13108 ||| EATING 10 rations.
 13114 | Lair:5   | 13114 ||| STAIRDANCE
 13223 | Lair:5   | Reached XP level 13. HP: 67/84 MP: 13/13
 13317 | Lair:5   | 13317 ||| INVOKING Berserk.
 13447 | Lair:5   | 13447 ||| READING scroll of enchant armour.
 13447 | Lair:5   | 13447 ||| ENCHANTING +1 pair of gloves.
 13504 | Lair:5   | Found a staircase to the Slime Pits.
 13660 | Lair:5   | 13660 ||| STAIRDANCE
 13795 | Lair:4   | 13795 ||| INVOKING Brothers in Arms.
 13796 | Lair:4   | 13796 ||| INVOKING Brothers in Arms.
 13798 | Lair:4   | 13798 ||| SWAPPING to +0 flail.
 13808 | Lair:4   | 13808 ||| SWAPPING to +0 war axe.
 13882 | Lair:4   | 13882 ||| EATING 12 rations.
 14003 | Lair:5   | Reached skill level 15 in Axes
 14690 | Lair:6   | Entered Level 6 of the Lair of Beasts
 14694 | Lair:6   | 14694 ||| STAIRDANCE
 14703 | Lair:6   | 14703 ||| STAIRDANCE
 14734 | Lair:6   | 14734 ||| STAIRDANCE
 14861 | Lair:6   | 14861 ||| INVOKING Berserk.
 14888 | Lair:6   | 14888 ||| READING 2 scrolls of teleportation.
 15214 | Lair:6   | Reached skill level 12 in Fighting
 15231 | Lair:6   | Received a gift from Trog
 15288 | Lair:6   | 15288 ||| STAIRDANCE
 15363 | Lair:6   | 15363 ||| STAIRDANCE
 15397 | Lair:5   | 15397 ||| EATING 13 rations.
 15435 | Lair:6   | 15435 ||| SWAPPING to glowing broad axe {god gift}.
 15436 | Lair:6   | 15436 ||| DROPPING +0 war axe.
 15478 | Lair:6   | 15478 ||| STAIRDANCE
 15563 | Lair:6   | Reached skill level 12 in Armour
 15664 | Lair:6   | 15664 ||| STAIRDANCE
 15762 | Lair:6   | 15762 ||| STAIRDANCE
 16003 | Lair:6   | 16003 ||| Stepping ~*~*~tactically~*~*~ (water).
 16081 | Lair:6   | 16081 ||| INVOKING Berserk.
 16279 | Lair:6   | 16279 ||| READING scroll of enchant armour.
 16279 | Lair:6   | 16279 ||| ENCHANTING +0 pair of boots.
 16337 | Lair:6   | Found a snail-covered altar of Cheibriados.
 16488 | Lair:6   | Gained mutation: Your large and strong wings let you fly indefinitely. [Gargoyle growth]
 16488 | Lair:6   | Reached XP level 14. HP: 89/92 MP: 4/14
 16578 | Lair:6   | 16578 ||| INVOKING Fly.
 16578 | Lair:6   | 16578 ||| FLYING.
 16618 | Lair:6   | 16618 ||| INVOKING Trog's Hand.
 16619 | Lair:6   | 16619 ||| INVOKING Brothers in Arms.
 16620 | Lair:6   | 16620 ||| INVOKING Brothers in Arms.
 16629 | Lair:6   | Reached skill level 16 in Axes
 16856 | Lair:6   | 16856 ||| STAIRDANCE
 16858 | Lair:5   | 16858 ||| READING 4 scrolls of identify.
 16858 | Lair:5   | 16858 ||| IDENTIFYING fizzy sapphire potion
 16859 | Lair:5   | 16859 ||| READING 3 scrolls of identify.
 16859 | Lair:5   | 16859 ||| IDENTIFYING amethyst potion
 16860 | Lair:5   | 16860 ||| DROPPING potion of ambrosia.
 16861 | Lair:5   | 16861 ||| DROPPING potion of flight.
 16902 | Lair:6   | 16902 ||| INVOKING Berserk.
 17810 | D:9      | Found a runed gate.
 17810 | D:9      | Found a runed gate.
 17811 | D:9      | Found a runed gate.
 17814 | D:9      | Noticed yaoilover's ghost (novice CeGl)
 17815 | D:9      | 17815 ||| INVOKING Brothers in Arms.
 17816 | D:9      | Found a roughly hewn altar of Beogh.
 17818 | D:9      | Found the +0 Maxwell's etheric cage {RegenMP+ *Contam rElec MP+4}
 18028 | D:9      | Found a snail-covered altar of Cheibriados.
 18217 | D:9      | 18217 ||| INVOKING Brothers in Arms.
 18218 | D:9      | 18218 ||| INVOKING Berserk.
 18222 | D:9      | 18222 ||| READING scroll labeled VAVYBB VAIH.
 18272 | D:10     | Entered Level 10 of the Dungeon
 18276 | D:10     | 18276 ||| STAIRDANCE
 18320 | D:10     | 18320 ||| READING scroll of enchant weapon.
 18320 | D:10     | 18320 ||| ENCHANTING +4 antimagic broad axe.
 18529 | D:10     | Received a gift from Trog
 18577 | D:10     | 18577 ||| READING scroll of enchant weapon.
 18577 | D:10     | 18577 ||| ENCHANTING +5 antimagic broad axe.
 18818 | D:10     | 18818 ||| INVOKING Brothers in Arms.
 18819 | D:10     | 18819 ||| SWAPPING to +0 flail.
 18820 | D:10     | 18820 ||| INVOKING Berserk.
 18830 | D:10     | 18830 ||| SWAPPING to +6 antimagic broad axe.
 19162 | D:11     | Received a gift from Trog
 19173 | D:11     | Found a labyrinth entrance.
 19223 | D:11     | 19223 ||| UPGRADING to glowing flail.
 19224 | D:11     | 19224 ||| SWAPPING to +6 antimagic broad axe.
 19225 | D:11     | 19225 ||| DROPPING +0 flail.
 19237 | D:11     | Found a hazy altar of Hepliaklqana.
 19754 | D:11     | 19754 ||| STAIRDANCE
 19818 | D:10     | 19818 ||| EATING 25 rations.
 19819 | D:10     | 19819 ||| UPGRADING to opal ring.
 19821 | D:10     | 19821 ||| READING 6 scrolls of remove curse.
 19822 | D:10     | 19822 ||| REMOVING ring of loudness.
 19823 | D:10     | 19823 ||| DROPPING ring of loudness.
 19824 | D:10     | 19824 ||| UPGRADING to +2 ring of protection.
 19825 | D:10     | 19825 ||| UPGRADING to ring of protection from fire.
 19932 | D:12     | 19932 ||| STAIRDANCE
 20044 | D:12     | Identified the Compendium of the Unstable Glacier
 20309 | D:12     | Found a staircase to the Orcish Mines.
 20565 | D:12     | 20565 ||| READING scroll of enchant weapon.
 20565 | D:12     | 20565 ||| ENCHANTING +6 antimagic broad axe.
 20591 | D:13     | 20591 ||| STAIRDANCE
 20599 | D:13     | 20599 ||| STAIRDANCE
 20649 | D:13     | 20649 ||| STAIRDANCE
 20734 | D:13     | Found Erixt's General Store.
 20842 | D:13     | Bought a scroll of teleportation for 45 gold pieces
 20842 | D:13     | Bought a potion of curing for 45 gold pieces
 20842 | D:13     | Bought a potion of heal wounds for 75 gold pieces
 20850 | D:13     | Found a gate to the Vaults.
 20864 | D:13     | 20864 ||| INVOKING Berserk.
 21598 | D:13     | 21598 ||| EATING 27 rations.
 21868 | D:14     | Found Varph's Distillery.
 21876 | D:14     | Bought a potion of curing for 42 gold pieces
 21876 | D:14     | Bought a potion of heal wounds for 70 gold pieces
 21876 | D:14     | Bought a potion of curing for 42 gold pieces
 21876 | D:14     | Bought a potion of heal wounds for 70 gold pieces
 21876 | D:14     | Bought a potion of heal wounds for 70 gold pieces
 21876 | D:14     | Bought a potion of mutation for 112 gold pieces
 21902 | D:14     | Reached skill level 17 in Axes
 22150 | D:14     | Found a blossoming altar of Fedhas.
 22180 | D:14     | 22180 ||| UPGRADING to runed helmet.
 22190 | D:14     | 22190 ||| UPGRADING to +2 helmet.
 22200 | D:14     | 22200 ||| DROPPING +1 helmet.
 22221 | D:15     | Entered Level 15 of the Dungeon
 22231 | D:15     | Found a basalt altar of Yredelemnul.
 22336 | D:15     | 22336 ||| INVOKING Brothers in Arms.
 22337 | D:15     | 22337 ||| SWAPPING to +2 flail of crushing.
 22338 | D:15     | 22338 ||| INVOKING Berserk.
 22350 | D:15     | 22350 ||| SWAPPING to +7 antimagic broad axe.
 22545 | D:15     | Reached XP level 15. HP: 87/98 MP: 5/15
 22594 | D:15     | 22594 ||| UPGRADING to morningstar.
 22595 | D:15     | 22595 ||| SWAPPING to +7 antimagic broad axe.
 22596 | D:15     | 22596 ||| DROPPING +2 flail of crushing.
 22674 | D:15     | 22674 ||| INVOKING Berserk.
 22990 | D:15     | Noticed Josephine
 22999 | D:15     | Killed Josephine
 23030 | D:15     | 23030 ||| INVOKING Brothers in Arms.
 23041 | D:15     | 23041 ||| INVOKING Berserk.
 23173 | D:15     | 23173 ||| EATING 27 rations.
 23203 | D:15     | 23203 ||| INVOKING Trog's Hand.
 23206 | D:15     | 23206 ||| INVOKING Berserk.
 23267 | D:15     | 23267 ||| INVOKING Trog's Hand.
 23269 | D:15     | 23269 ||| INVOKING Berserk.
 23278 | D:15     | Found a staircase to the Depths.
 23300 | D:15     | Received a gift from Trog
 23520 | Orc:1    | Entered Level 1 of the Orcish Mines
 23521 | Orc:1    | 23521 ||| Entered O.
 23693 | Orc:1    | Found a runed door.
 23740 | Orc:1    | Found the +10 large shield of Ignorance {rN+ Int-4}
 23745 | Orc:1    | Found a runed door.
 23749 | Orc:1    | Found a roughly hewn altar of Beogh.
 23751 | Orc:1    | 23751 ||| INVOKING Trog's Hand.
 23753 | Orc:1    | 23753 ||| INVOKING Berserk.
 23981 | Orc:1    | 23981 ||| EATING 26 rations.
 24079 | Orc:2    | Entered Level 2 of the Orcish Mines
 24086 | Orc:2    | Noticed Snorg
 24088 | Orc:2    | 24088 ||| INVOKING Trog's Hand.
 24097 | Orc:2    | 24097 ||| INVOKING Berserk.
 24100 | Orc:2    | HP: 37/150 [orange demon[an orc sorcerer] (7)]
 24105 | Orc:2    | HP: 2/150 [orc warrior/trident[an orc knight] (25)]
 24107 | Orc:2    | Killed Snorg
 24558 | Orc:2    | 24558 ||| EATING 25 rations.
 24567 | Orc:2    | Found a staircase to the Elven Halls.
 24796 | Orc:2    | 24796 ||| INVOKING Berserk.
 24801 | Orc:2    | HP: 37/150 [orc knight/broad axe (8)]
 24804 | Orc:2    | HP: 13/150 [orc high priest/nerve-wracking pain (7)]
 24807 | Orc:2    | HP: 1/150 [sun demon[an orc high priest] (6)]
 24809 | Orc:2    | Slain by a sun demon

Vault maps used:
D:1:      roderic_chinese_lattice_arrival
D:2:      overflow_temple_1_default, grunt_temple_overflow_open, first_ration,
          minmay_pentomino_r4
D:4:      grunt_dithmenos_smoke
D:5:      small_statue_intersection, uniq_menkaure, uniq_duvessa
D:6:      uniq_blork_the_orc
D:7:      temple_green
D:8:      lemuel_coloured_pillars_altar, dpeg_oklobed_lair, uniq_pikel,
          uniq_maurice
D:9:      cheibrodos_worm_habitat, biasface_ghost_orc_armoury
D:10:     hangedman_ranch
D:11:     lab_entry_generic, basic_altar
D:12:     orc_0_dummy, minmay_holes
D:13:     david_vaults_2, serial_shops, shop
D:14:     serial_shops, nicolae_shop_statue_plus, lemuel_tele_altar
D:15:     grunt_enter_depths_magical_seal, yredelemnul_altar_generic,
          uniq_josephine
Lair:1:   enter_volcano_3, kennysheep_rathole, uniq_joseph
Lair:2:   infiniplex_staircase_pool
Lair:3:   gammafunk_cloud_chamber, minmay_snake_entry_six_corridors
Lair:4:   minmay_shoals_entry_lonely_mermaid, minmay_hedge_maze, uniq_kirke
Lair:5:   nicolae_slime_entry_slimehenge, serial_bayou_shore_a,
          lemuel_fruit_fields
Lair:6:   gammafunk_lair_ancient_temple, kennysheep_snail_temple,
          grunt_megastairs_4
Orc:1:    basic_altar, chequers_guarded_unrand_ignorance
Orc:2:    st_orc_pillars, uniq_snorg

Skill      XL: |  1  2  3  4  5  6  7  8  9 10 11 12 13 14 15 |
---------------+----------------------------------------------+-----
Axes           | 3 4 5 6 8 9 13 14 15 17 | 17.4
Shields        | 3 4 5 |  5.0
Fighting       | 4 5 7 10 11 12 13 14 | 14.1
Armour         | 3 5 7 10 11 12 13 | 13.0
Dodging        | 2 3 4 |  4.2

Action                   |  1- 3 |  4- 6 |  7- 9 | 10-12 | 13-15 || total
-------------------------+-------+-------+-------+-------+-------++-------
Melee: Hand axe          |    87 |   250 |   121 |       |       ||   458
       War axe           |       |       |   195 |   653 |   264 ||  1112
       Flail             |       |       |       |     4 |    20 ||    24
       Broad axe         |       |       |       |       |   918 ||   918
Throw: Tomahawk          |       |    24 |    24 |    33 |    41 ||   122
       Javelin           |       |       |       |       |    14 ||    14
Invok: Berserk           |     2 |     2 |     7 |    11 |    15 ||    37
       Brothers in Arms  |       |       |       |     2 |     7 ||     9
       Trog's Hand       |       |       |       |     1 |     5 ||     6
 Abil: Fly               |       |       |       |       |     1 ||     1
  Use: Scroll            |     4 |     9 |    10 |    12 |    10 ||    45
       Potion            |       |     1 |     3 |     1 |       ||     5
 Stab: Distracted        |       |       |       |       |     1 ||     1
  Eat: Chunk             |     1 |     7 |     5 |    11 |    32 ||    56
       Ration            |       |     1 |     5 |     6 |     7 ||    19
Armor: Animal skin       |    23 |    30 |       |       |       ||    53
       Scale mail        |       |    23 |       |       |       ||    23
       Chain mail        |       |    67 |    53 |       |       ||   120
       Plate armour      |       |       |   126 |   430 |   612 ||  1168
Dodge: Dodged            |    46 |    99 |    88 |   210 |   287 ||   730
       Deflected         |     1 |       |       |       |       ||     1
Block: Buckler           |     1 |    50 |    51 |   176 |   276 ||   554
       Reflection        |       |       |       |       |     9 ||     9

Table legend:
 A = Spawn XP
 B = Non-spawn XP
 C = Spawn XP percentage of total XP
 D = Spawn monster count
 E = Non-spawn monster count
 F = Spawn count percentage of total count
 G = Total turns spent on level
                    A         B        C        D         E        F      G
               +---------+---------+-------+---------+---------+-------+---------
         Total |       0 |  103696 |   0.0 |       0 |     599 |   0.0 | 24809
               +---------+---------+-------+---------+---------+-------+---------
           D:1 |       0 |      51 |   0.0 |       0 |      25 |   0.0 |  1005
           D:2 |       0 |     232 |   0.0 |       0 |      20 |   0.0 |   738
           D:3 |       0 |      62 |   0.0 |       0 |      20 |   0.0 |   856
           D:4 |       0 |     150 |   0.0 |       0 |      16 |   0.0 |   824
           D:5 |       0 |     434 |   0.0 |       0 |       7 |   0.0 |  1030
           D:6 |       0 |     711 |   0.0 |       0 |      18 |   0.0 |  1012
           D:7 |       0 |    1151 |   0.0 |       0 |      33 |   0.0 |  1269
           D:8 |       0 |    1891 |   0.0 |       0 |      12 |   0.0 |   982
           D:9 |       0 |    2543 |   0.0 |       0 |      31 |   0.0 |   888
          D:10 |       0 |    2855 |   0.0 |       0 |      26 |   0.0 |   748
          D:11 |       0 |    3352 |   0.0 |       0 |      28 |   0.0 |   914
          D:12 |       0 |    3437 |   0.0 |       0 |      23 |   0.0 |   735
          D:13 |       0 |    8856 |   0.0 |       0 |      30 |   0.0 |   959
          D:14 |       0 |    2223 |   0.0 |       0 |       8 |   0.0 |   646
          D:15 |       0 |   19500 |   0.0 |       0 |      51 |   0.0 |  1241
        Lair:1 |       0 |    2935 |   0.0 |       0 |      23 |   0.0 |  1432
        Lair:2 |       0 |    1057 |   0.0 |       0 |       5 |   0.0 |   923
        Lair:3 |       0 |    8075 |   0.0 |       0 |      40 |   0.0 |  1293
        Lair:4 |       0 |   11072 |   0.0 |       0 |      34 |   0.0 |  2038
        Lair:5 |       0 |    5021 |   0.0 |       0 |      26 |   0.0 |  1737
        Lair:6 |       0 |   22514 |   0.0 |       0 |      74 |   0.0 |  2250
         Orc:1 |       0 |     977 |   0.0 |       0 |       8 |   0.0 |   559
         Orc:2 |       0 |    4597 |   0.0 |       0 |      41 |   0.0 |   730
               +---------+---------+-------+---------+---------+-------+---------
